 Dungeon Crawl Stone Soup version 0.26-a0-784-g51bffae0b1 (console) character file.

Game seed: 12742932563153890037

336 Gather the Insei (level 6, -4/43 HPs)
             Began as a Barachi Transmuter on Nov 10, 2020.
             Slain by an iguana (12 damage)
             ... on level 4 of the Dungeon.
             The game lasted 00:29:46 (4943 turns).

Gather the Insei (Barachi Transmuter)               Turns: 4943, Time: 00:29:46

Health: -4/43      AC:  2    Str: 12    XL:     6   Next: 54%
Magic:  8/9        EV: 21    Int: 15    God:
Gold:   175        SH:  0    Dex: 17    Spells: 5/9 levels left

rFire    . . .     SeeInvis .     - Unarmed
rCold    . . .     Faith    .   (shield currently unavailable)
rNeg     . . .     Spirit   .   (armour currently unavailable)
rPois    x         Reflect  .   (helmet currently unavailable)
rElec    .         Harm     .   (cloak currently unavailable)
rCorr    .         Rampage  .   (gloves currently unavailable)
MR       +....                  (boots currently unavailable)
Stlth    ++........             (no amulet)
HPRegen  0.14/turn              g - ring of protection from magic
MPRegen  0.11/turn              (no ring)

@: spider-form (expiring), hasted, very quick
A: tiny, +LOS, swims
a: End Transformation


You were on level 4 of the Dungeon.
You were a venomous arachnid creature.
You visited 1 branch of the dungeon, and saw 5 of its levels.

You collected 175 gold pieces.

Inventory:

Hand Weapons
 j - a +3 hunting sling
 p - a +0 dagger
Missiles
 k - 109 stones
 q - 20 poisoned darts (quivered)
Armour
 a - a +0 robe (melded)
 l - a +0 helmet of intelligence (melded)
 m - a +0 cloak (melded)
 o - a +0 pair of boots (melded)
Magical Staves
 s - an uncursed staff of cold
Jewellery
 g - a ring of protection from magic (left front leg)
Wands
 r - a wand of digging (5)
Scrolls
 d - 3 scrolls of identify
 e - a scroll of teleportation
 i - a scroll of noise
 n - a scroll of blinking
Potions
 b - 2 potions of curing
 c - a potion of mutation
 h - 2 potions of attraction
 t - a potion of brilliance
 u - a potion of cancellation


   Skills:
 - Level 1.2 Fighting
 + Level 3.1 Dodging
 + Level 5.5 Unarmed Combat
 - Level 2.1 Spellcasting
 - Level 4.6 Transmutations
 - Level 2.3 Poison Magic


You had 5 spell levels left.
You knew the following spells:

 Your Spells              Type           Power        Failure   Level
a - Beastly Appendage     Tmut           ###...       11%         1
x - Spider Form           Tmut/Pois      ##........   34%         3

Your spell library contained the following spells:

 Spells                   Type           Power        Failure   Level
 Wereblood                Tmut           ###.....     14%         2
 Ice Form                 Ice/Tmut       #.......     82%         4
 Blade Hands              Tmut           ###.......   83%         5


Dungeon Overview and Level Annotations

Branches:
Dungeon (5/15)
 Temple: D:4-7

Altars:

Annotations:
D:3 Grinder


Innate Abilities, Weirdness & Mutations

You can be seen from farther away. (+LOS)
You can swim through water.
((You cover ground slowly.))
((You can hop short distances.))


Message History

The iguana completely misses you.
You hit the iguana but do no damage. The iguana closely misses you.
You completely miss the iguana. The iguana misses you.
You barely miss the iguana. The iguana misses you.
You completely miss the iguana. The iguana bites you!
The frilled lizard hisses.
There is a stone staircase leading up here.
The iguana bites you.
You climb upwards.
There is a stone staircase leading down here.
You hit the iguana but do no damage.
The iguana is poisoned.
The iguana bites you!
* * * LOW HITPOINT WARNING * * *
Your transformation is almost over.
The iguana hisses menacingly.
Save game and exit?
Welcome back, Gather the Barachi Transmuter.
Press ? for a list of commands and other information.
Okay, then.
You feel yourself speed up. The iguana bites you!
You die...

##...###..# #...
#..####..## ####.##
#.## ##.## #....# ##.#
#..# #.#### #..# ##.##
#.# #.## #..# #.# #.#
##.## ###.# #.###..###
#...# #.#......##
#.### #.........####.#
#....sl..>.##..######
#................[).##
#...........#######...
#...........# #....
#..........## #####
##........##
##........##
#..........#
#.........>#
#..........#
#..........#


You could see an iguana (very poisoned).

Vanquished Creatures
  A centaur skeleton (D:5)
  2 orc priests (D:4)
  A bullfrog skeleton (D:5)
  Terence (D:2)
  A worker ant (D:4)
  A hound skeleton (D:4)
  A worker ant zombie (D:5)
  Robin (D:2)
  An adder (D:4)
  4 gnolls
  A white imp (D:4)
  2 adder skeletons
  3 worms (D:2)
  3 orcs
  2 giant cockroaches
  17 goblins
  8 hobgoblins
  4 jackals
  2 quokkas
  6 bats
  8 frilled lizards
  3 kobolds
73 creatures vanquished.

Vanquished Creatures (others)
  A withered plant (D:5)
1 creature vanquished.

Grand Total: 74 creatures vanquished

Notes
Turn   | Place    | Note
-------+----------+-------------------------------------------
     0 | D:1      | Gather the Barachi Transmuter began the quest for the Orb.
     0 | D:1      | Reached XP level 1. HP: 15/15 MP: 3/3
   118 | D:1      | Reached XP level 2. HP: 21/21 MP: 5/5
   228 | D:1      | Reached skill level 4 in Unarmed Combat
  1163 | D:2      | Noticed Terence
  1172 | D:2      | Killed Terence
  1172 | D:2      | Reached skill level 5 in Unarmed Combat
  1172 | D:2      | Reached XP level 3. HP: 20/26 MP: 4/6
  1186 | D:1      | Learned a level 3 spell: Spider Form
  1786 | D:2      | Reached XP level 4. HP: 32/32 MP: 3/7
  1876 | D:2      | Noticed Robin
  2103 | D:2      | Killed Robin
  2580 | D:1      | Reached XP level 5. HP: 20/37 MP: 5/8
  3702 | D:3      | Noticed Grinder
  3703 | D:3      | Paralysed by Grinder for 4 turns
  4179 | D:4      | Reached skill level 1 in Poison Magic
  4397 | D:4      | Reached XP level 6. HP: 43/43 MP: 5/9
  4823 | D:5      | Entered Level 5 of the Dungeon
  4943 | D:4      | Slain by an iguana

Illustrated notes

Levels and vault maps discovered:
D:1:      saegor_arrival_miasma, layout_basic
D:2:      layout_loops_ring, uniq_terence, uniq_robin
D:3:      layout_loops_corners, corexii_shack, minivault_24,
          grunt_gozag_breadcrumbs, uniq_grinder
D:4:      layout_rooms
D:5:      layout_rooms, serial_undead, serial_undead_e, serial_undead_d,
          serial_undead_d, serial_undead_f, lemuel_tele_altar

Skill      XL: |  1  2  3  4  5  6 |
---------------+-------------------+-----
Unarmed Combat | 5 |  5.5
Transmutations | 4 |  4.6
Poison Magic   | 2 |  2.3
Dodging        | 3 |  3.1
Fighting       | |  1.2
Spellcasting   | |  2.1

Action                   |  1- 3 |  4- 6 || total
-------------------------+-------+-------++-------
Melee: Unarmed           |    68 |   132 ||   200
       Kick              |     9 |    12 ||    21
       Headbutt          |     6 |     5 ||    11
       Punch             |     2 |       ||     2
 Cast: Beastly Appendage |    18 |     7 ||    25
       Spider Form       |     4 |    22 ||    26
 Abil: Hop               |       |     3 ||     3
       End Transformatio |       |     1 ||     1
  Use: Potion            |     1 |     2 ||     3
       Scroll            |       |    10 ||    10
Armor: Robe              |     9 |     9 ||    18
       Skin              |       |     2 ||     2
Dodge: Dodged            |    37 |    96 ||   133

Table legend: (Time is in decaauts)
 A = Elapsed time spent in this place.
 B = Non-inter-level travel time spent in this place.
 C = Inter-level travel time spent in this place.
 D = Time resting spent in this place.
 E = Time spent auto-exploring this place.
 F = Levels seen in this place.
 G = Mean time per level.
                   A        B        C        D        E       F      G
               +--------+--------+--------+--------+--------+-----+--------+
         Total |   5294 |   5177 |    117 |   1657 |   2635 |   5 | 1058.8 |
       Dungeon |   5294 |   5177 |    117 |   1657 |   2635 |   5 | 1058.8 |
               +--------+--------+--------+--------+--------+-----+--------+

Top non-repeatable levels by time:
     D:1: 2552 daAuts
     D:4: 1161 daAuts
     D:2: 916 daAuts
     D:3: 549 daAuts
     D:5: 115 daAuts
